 Dungeon Crawl Stone Soup version 0.29-a0-582-ge82337ba6a (webtiles) character file.

Game seed: 516670796174937223

69 bande the Covered (level 4, -9/25 HPs)
             Began as a Gargoyle Fighter on June 15, 2022.
             Mangled by Sigmund
             ... wielding a +0 scythe
              (10 damage)
             ... on level 2 of the Dungeon.
             The game lasted 00:02:39 (1250 turns).

bande the Covered (Gargoyle Fighter)                Turns: 1250, Time: 00:02:39

Health: -9/25      AC: 13    Str: 20    XL:     4   Next: 20%
Magic:  4/4        EV:  7    Int:  8    God:
Gold:   82         SH:  0    Dex: 11    Spells: 3/3 levels left

rFire   . . .      SeeInvis .   a - +0 war axe
rCold   . . .      Faith    .   c - +0 buckler
rNeg    + . .      Spirit   .   g - +0 chain mail
rPois   ∞          Reflect  +   (no helmet)
rElec   +          Harm     .   (no cloak)
rCorr   .          Rampage  .   (no gloves)
Will    .....                   (no boots)
Stlth   ..........              f - amulet of reflection
HPRegen 0.08/turn               (no ring)
MPRegen 0.09/turn               (no ring)

@: confused, mighty
A: sickness immunity, AC +3, negative energy resistance 1, electricity
resistance, torment resistance 1, petrification resistance, frail 1
a: no special abilities


You were on level 2 of the Dungeon.
You visited 1 branch of the dungeon, and saw 2 of its levels.

You collected 82 gold pieces.

Inventory:

Hand Weapons
 a - a +0 war axe (weapon)
Armour
 c - a +0 buckler (worn)
 g - a +0 chain mail (worn)
Jewellery
 f - an amulet of reflection (around neck)
Scrolls
 b - a scroll of identify
 e - a scroll of noise {unknown}
 h - a scroll of teleportation
Potions
 i - 2 potions of flight


   Skills:
 + Level 3.6 Fighting
 + Level 2.7 Axes
 + Level 4.2 Armour
 + Level 3.6 Shields


You had 3 spell levels left.
You didn't know any spells.
Your spell library contained the following spells:

 Spells                   Type           Power      Damage    Failure   Level
 Summon Small Mammal      Summ           0%         N/A       99%         1
 Ensorcelled Hibernation  Hex/Ice        0%         N/A       100%        2
 Passwall                 Tmut/Erth      0%         N/A       100%        2
 Call Canine Familiar     Summ           0%         N/A       100%        3
 Summon Guardian Golem    Hex/Summ       0%         N/A       100%        3
 Swiftness                Air            0%         N/A       100%        3


Dungeon Overview and Level Annotations

Branches:
Dungeon (2/15)

Altars:

Shops:
D:1 =

Annotations:
D:2 Sigmund


Innate Abilities, Weirdness & Mutations

You are immune to sickness and miasma.
Your stone body is resilient. (AC +3)
You are immune to poison.
You resist negative energy. (rN+)
You are resistant to electric shocks. (rElec)
You are resistant to unholy torment.
You are immune to petrification.
You are frail. (-10% HP)


Message History

Found a stone staircase leading down.
You hit the dart slug.
The dart slug is heavily wounded.
You hit the dart slug.
The dart slug is severely wounded.
The dart slug launches a dart at you. The slug dart hits you.
You slash the dart slug!
You kill the dart slug!
No target in view!
There is a stone staircase leading down here.
h - a scroll of teleportation Sigmund the Dreaded comes into view.
He is wielding a +0 scythe.
Sigmund shouts!
Sigmund hits you with a +0 scythe!
You closely miss Sigmund. Sigmund hits you but does no damage.
You slash Sigmund!
Sigmund is moderately wounded.
Sigmund hits you with a +0 scythe.
You are too injured to fight recklessly!
You are too injured to fight recklessly!
You are too injured to fight recklessly!
You are too injured to fight recklessly!
You are too injured to fight recklessly!
You are too injured to fight recklessly!
You are too injured to fight recklessly!
You are too injured to fight recklessly!
You feel very mighty all of a sudden. Sigmund closely misses you.
You closely miss Sigmund.
Sigmund is moderately wounded.
Sigmund points at you and mumbles some strange words.
You are confused.
You bump into the rock wall.
Sigmund hits you but does no damage.
You're too confused to move!
You bump into the rock wall.
Sigmund hits you with a +0 scythe!
* * * LOW HITPOINT WARNING * * *
Unknown command.
Sigmund hits you from afar with a +0 scythe!
You die...

#.#### #..... #.#### ###
#.# # ..# #.#
#.#####.#.# #.#
#.#...#@#.# #.####
###.....#.#.# #.##..
......#.#@#.# #.##..
..........#.# #.#(..
........#.#.# #.#...
#######.###.#######
#.#.## #....>...........
#.#...
#.###.###.#########.####
#.###.†.............
##...................
##....(....######.####


You could see Sigmund.

Vanquished Creatures
  3 gnolls (D:2)
  A worm (D:2)
  A dart slug (D:2)
  3 bats (D:1)
  5 endoplasms
  5 goblins
  3 hobgoblins
  2 jackals (D:1)
  5 ball pythons
  3 frilled lizards
  4 rats (D:1)
35 creatures vanquished.

Notes
Turn   | Place    | Note
-------+----------+-------------------------------------------
     0 | D:1      | bande the Gargoyle Fighter began the quest for the Orb.
     0 | D:1      | Reached XP level 1. HP: 14/14 MP: 1/1
    53 | D:1      | Found Bakhleesk's Jewellery Emporium.
   206 | D:1      | Reached XP level 2. HP: 19/19 MP: 2/2
   532 | D:1      | Reached XP level 3. HP: 23/23 MP: 3/3
   534 | D:1      | Reached skill level 4 in Armour
   711 | D:2      | Gained mutation: You are frail. (-10% HP) [potion of
                  | mutation]
   802 | D:2      | Found a faded altar of an unknown god.
  1184 | D:2      | Reached XP level 4. HP: 24/25 MP: 4/4
  1240 | D:2      | Noticed Sigmund
  1249 | D:2      | HP: 1/25 [Sigmund/+0 scythe (10)]
  1250 | D:2      | Mangled by Sigmund

Illustrated notes

Levels and vault maps discovered:
D:1:      lightli_arrival_statuegarden, layout_rooms, serial_shops, shop,
          nrook_campfire
D:2:      layout_basic, shapermc_ecumenical_altar_notcrosses, uniq_sigmund

Skill      XL: |  1  2  3 |
---------------+----------+-----
Axes           | 2 |  2.7
Armour         | 4 |  4.2
Fighting       | |  3.6
Shields        | |  3.6

Action                   |  1- 3 |  4- 6 || total
-------------------------+-------+-------++-------
Melee: War axe           |    96 |     7 ||   103
  Use: Scroll            |     6 |       ||     6
       Potion            |     1 |     1 ||     2
Armor: Scale mail        |    30 |       ||    30
       Chain mail        |    26 |     2 ||    28
Dodge: Dodged            |    32 |     1 ||    33
Block: Buckler           |    35 |       ||    35

Table legend: (Time is in decaauts)
 A = Elapsed time spent in this place.
 B = Non-inter-level travel time spent in this place.
 C = Inter-level travel time spent in this place.
 D = Time resting spent in this place.
 E = Time spent auto-exploring this place.
 F = Levels seen in this place.
 G = Mean time per level.
                   A        B        C        D        E       F      G
               +--------+--------+--------+--------+--------+-----+--------+
         Total |   1295 |   1295 |      0 |      0 |    976 |   2 |  647.5 |
       Dungeon |   1295 |   1295 |      0 |      0 |    976 |   2 |  647.5 |
               +--------+--------+--------+--------+--------+-----+--------+

Top non-repeatable levels by time:
     D:1: 655 daAuts
     D:2: 640 daAuts
